 Dungeon Crawl Stone Soup version 0.25.1-8-g42b30a86e7 (webtiles) character file.

Game seed: 9529494816897048253

821 Gabide the Poker (level 8, -5/61 HPs)
             Began as a Human Abyssal Knight on Nov 30, 2020.
             Was a Believer of Lugonu.
             Slain by Prince Ribbit (14 damage)
             ... on level 5 of the Dungeon.
             The game lasted 00:16:06 (6256 turns).

Gabide the Poker (Human Abyssal Knight)             Turns: 6256, Time: 00:16:08

Health: -5/61      AC:  6    Str: 14    XL:     8   Next: 17%
Magic:  9/9        EV: 12    Int: 12    God:    Lugonu [**....]
Gold:   75         SH:  0    Dex: 14    Spells: 7/7 levels left

rFire    . . .     SeeInvis .   a - +1 spear
rCold    + . .     Gourm    .   (no shield)
rNeg     . . .     Faith    .   d - +3 leather armour {MR+}
rPois    .         Spirit   .   (no helmet)
rElec    .         Reflect  .   (no cloak)
rCorr    .         Harm     .   (no gloves)
MR       +....                  (no boots)
Stlth    +.........             (no amulet)
HPRegen  0.20/turn              b - ring of protection from cold
MPRegen  0.11/turn              (no ring)

@: no status effects
A: no striking features
a: Depart the Abyss, Bend Space, Renounce Religion


You were on level 5 of the Dungeon.
You worshipped Lugonu.
Lugonu was pleased with you.
You were not hungry.

You visited 1 branch of the dungeon, and saw 5 of its levels.
You visited the Abyss 1 time.

You collected 172 gold pieces.
You spent 97 gold pieces at shops.

Inventory:

Hand Weapons
 a - a +1 spear (weapon)
Missiles
 e - 17 poisoned darts (quivered)
 i - 8 boomerangs
 j - 4 atropa-tipped darts
Armour
 d - a +3 leather armour of magic resistance (worn)
 f - a +0 plate armour
 g - a +0 chain mail of positive energy
Jewellery
 b - a ring of protection from cold (left hand)
Scrolls
 h - 6 scrolls of remove curse
 k - 4 scrolls of identify
 o - a scroll of enchant weapon
Potions
 m - 2 potions of curing
Comestibles
 c - 4 rations
 l - 10 chunks of flesh


   Skills:
 + Level 4.5 Fighting
 * Level 6.5 Polearms
 + Level 4.5 Armour
 * Level 2.2 Dodging
 + Level 2.3 Invocations


You had 7 spell levels left.
You didn't know any spells.
Your spell library contained the following spells:

 Spells                   Type           Power        Failure   Level  Hunger
 Magic Dart               Conj           #...         38%         1    ##.....
 Blink                    Tloc           N/A          52%         2    ###....
 Call Imp                 Summ           #.......     52%         2    ###....
 Slow                     Hex            #.......     52%         2    ###....
 Conjure Flame            Conj/Fire      #.......     77%         3    ####...
 Mephitic Cloud           Conj/Pois/Air  #.......     77%         3    ####...


Dungeon Overview and Level Annotations

Branches:
Dungeon (5/15)
 Temple: D:4-7

Altars:
Wu Jian
Xom

Shops:
D:4 ?

Annotations:
D:3 3 runed translucent doors, monitor4703's ghost, amateur SpAs
D:5 Prince Ribbit


Message History

You hit Prince Ribbit.
Prince Ribbit is heavily wounded.
Prince Ribbit misses you.
You barely miss Prince Ribbit.
Prince Ribbit is heavily wounded.
Prince Ribbit croaks regally.
Prince Ribbit hits you!
You are too injured to fight recklessly!
You are too injured to fight recklessly!
You are too injured to fight recklessly!
Throwing (i - inventory. (/) - cycle)
e - 18 poisoned darts (quivered)
Press: ? - help, Shift-Dir - straight line, f - Prince Ribbit
Aim: Prince Ribbit (heavily wounded)
You throw a poisoned dart. The poisoned dart hits Prince Ribbit.
Prince Ribbit is poisoned.
Prince Ribbit is heavily wounded.
Prince Ribbit hits you!
* * * LOW HITPOINT WARNING * * *
Prince Ribbit hits you!
You die...

#. #. .# #.# ###.##
#.. ..... #.. #...
### #.. #.. #..
#.F######.# #.#
#..@...##.########.#
##.###.............#
#. ####.##########
#........#
##########


You could see Prince Ribbit (poisoned).

Vanquished Creatures
  Eustachio (D:5)
  A bullfrog (D:3)
  2 scorpions (D:4)
  A crimson imp (D:5)
  An orc priest (D:5)
  6 orc wizards
  2 worker ants (D:4)
  A hound zombie (D:5)
  4 gnolls (D:3)
  4 adders
  4 oozes
  3 worms
  3 dart slugs
  A leopard gecko (D:5)
  19 orcs
  6 ball pythons
  7 bats
  4 giant cockroaches
  4 hobgoblins
  3 frilled lizards
  10 goblins
  7 kobolds
  7 rats
101 creatures vanquished.

Vanquished Creatures (others)
  Ijyb (D:3)
  A frilled lizard (D:3)
2 creatures vanquished.

Grand Total: 103 creatures vanquished

Notes
Turn   | Place    | Note
-------+----------+-------------------------------------------
     0 | Abyss:1  | Gabide the Human Abyssal Knight began the quest for the
                  | Orb.
     0 | Abyss:1  | Reached XP level 1. HP: 18/18 MP: 2/2
    56 | Abyss:1  | Noticed a fire bat
    58 | D:1      | Escaped the Abyss
   311 | D:1      | Reached XP level 2. HP: 19/24 MP: 3/3
   477 | D:1      | Reached * piety under Lugonu
   779 | D:1      | Reached XP level 3. HP: 28/29 MP: 4/4
  1229 | D:2      | Found an ornate altar of the Wu Jian Council.
  1620 | D:2      | Reached XP level 4. HP: 34/35 MP: 5/5
  1733 | D:2      | Reached skill level 3 in Polearms
  2381 | D:3      | Found a runed translucent gate.
  2381 | D:3      | Found a runed translucent gate.
  2381 | D:3      | Noticed a bullfrog
  2399 | D:3      | Killed a bullfrog
  2399 | D:3      | Reached XP level 5. HP: 28/41 MP: 6/6
  2497 | D:3      | Found a runed translucent gate.
  2505 | D:3      | Noticed monitor4703's ghost (amateur SpAs)
  2521 | D:3      | Noticed Ijyb
  2573 | D:3      | Killed Ijyb
  2869 | D:3      | Reached skill level 4 in Polearms
  2905 | D:3      | Reached XP level 6. HP: 4/48 MP: 7/7
  3064 | D:3      | Reached ** piety under Lugonu
  4236 | D:4      | Reached XP level 7. HP: 33/53 MP: 8/8
  4559 | D:4      | Reached skill level 5 in Polearms
  4968 | D:4      | Found Sycviu's Magic Scroll Shoppe.
  4973 | D:4      | Bought a scroll of enchant weapon for 97 gold pieces
  5203 | D:5      | Entered Level 5 of the Dungeon
  5416 | D:5      | Noticed Eustachio
  5539 | D:5      | HP: 2/55 [river rat[Eustachio] (4)]
  5541 | D:5      | Found a shimmering altar of Xom.
  5646 | D:5      | Killed Eustachio
  5646 | D:5      | Reached skill level 6 in Polearms
  6045 | D:5      | Reached XP level 8. HP: 59/61 MP: 9/9
  6246 | D:5      | Noticed Prince Ribbit
  6256 | D:5      | Slain by Prince Ribbit

Illustrated notes

Levels and vault maps discovered:
D:1:      minmay_arrival_stair_chambers, layout_basic, moated_statue
D:2:      layout_loops_ring, lemuel_round_altar
D:3:      layout_basic, gammafunk_ghost_split, st_stairs_2, uniq_ijyb
D:4:      layout_cave_pools, serial_shops, kennysheep_little_box
D:5:      layout_loops_corners, first_ration, xom_teletrap_fun,
          uniq_prince_ribbit1, uniq_eustachio

Skill      XL: |  1  2  3  4  5  6  7  8 |
---------------+-------------------------+-----
Polearms       | 3 4 6 |  6.5
Armour         | 3 4 |  4.5
Fighting       | 4 |  4.5
Dodging        | 2 |  2.2
Invocations    | |  2.3

Action                   |  1- 3 |  4- 6 |  7- 9 || total
-------------------------+-------+-------+-------++-------
Melee: Spear             |   105 |   249 |   266 ||   620
Throw: Dart              |    22 |    38 |    29 ||    89
       Throwing net      |       |     3 |       ||     3
Invok: Depart the Abyss  |     1 |       |       ||     1
       Bend Space        |       |       |     1 ||     1
Evoke: Wand              |       |     1 |     9 ||    10
  Use: Scroll            |     6 |     3 |     3 ||    12
       Potion            |       |     3 |     3 ||     6
 Stab: Invisible         |     1 |     3 |       ||     4
       Held in net/web   |       |     1 |       ||     1
       Paralysed         |       |       |    12 ||    12
  Eat: Chunk             |     2 |     5 |     5 ||    12
       Ration            |       |     1 |     1 ||     2
Armor: Leather armour    |    10 |       |    21 ||    31
       Ring mail         |    21 |    47 |       ||    68
       Chain mail        |       |    77 |    57 ||   134
Dodge: Dodged            |    28 |   112 |    80 ||   220
